 Dungeon Crawl Stone Soup version 0.28-a0-948-gee6e0bcda6 (webtiles) character file.

Game seed: 13381241799473653886

1205 Gargoyl the Skirmisher (level 8, 0/67 HPs)
             Began as a Gnoll Abyssal Knight on Nov 30, 2021.
             Was a Priest of Lugonu.
             Slain by an orc warrior (16 damage)
             ... on level 6 of the Dungeon.
             The game lasted 00:07:01 (5750 turns).

Gargoyl the Skirmisher (Gnoll Abyssal Knight)       Turns: 5750, Time: 00:07:02

Health: 0/67       AC: 20    Str: 14    XL:     8   Next: 45%
Magic:  8/12       EV:  5    Int: 11    God:    Lugonu [***...]
Gold:   165        SH:  0    Dex: 12    Spells: 13/13 levels left

rFire   . . .      SeeInvis .   a - +2 hand axe
rCold   . . .      Faith    .   (no shield)
rNeg    . . .      Spirit   .   o - +0 plate armour
rPois   +          Reflect  .   r - +1 helmet
rElec   .          Harm     .   (no cloak)
rCorr   .          Rampage  .   (no gloves)
Will    .....                   k - +0 pair of boots
Stlth   ..........              (no amulet)
HPRegen 0.21/turn               c - +4 ring of protection
MPRegen 0.13/turn               b - ring of poison resistance

@: no status effects
A: fangs 1, strong nose, distributed training
a: Renounce Religion, Depart the Abyss, Bend Space, Banish


You were on level 6 of the Dungeon.
You worshipped Lugonu.
Lugonu was most pleased with you.
You visited 1 branch of the dungeon, and saw 6 of its levels.
You visited the Abyss 1 time.

You collected 327 gold pieces.
You spent 162 gold pieces at shops.

Inventory:

Hand Weapons
 a - a +2 hand axe (weapon)
 q - a +1 hand axe of pain
Missiles
 n - 25 poisoned darts
 s - 5 curare-tipped darts (quivered)
Armour
 k - a +0 pair of boots (worn)
 o - a +0 plate armour (worn)
 r - a +1 helmet (worn)
Jewellery
 b - a ring of poison resistance (right hand)
 c - a +4 ring of protection (left hand)
Scrolls
 d - a scroll of magic mapping
 g - a scroll of teleportation
 h - a scroll of torment {unknown}
 j - a scroll of blinking
Potions
 e - a potion of flight {unknown}
 f - 3 potions of curing
 i - 2 potions of mutation {unknown}
 l - a potion of lignification {unknown}
 m - 3 potions of attraction {unknown}
 p - a potion of haste {unknown}


   Skills:
 + Level 7.4 Fighting
 + Level 3.3 Short Blades
 + Level 3.3 Long Blades
 + Level 5.7 Axes
 + Level 3.3 Maces & Flails
 + Level 3.3 Polearms
 + Level 3.3 Staves
 + Level 3.3 Slings
 + Level 3.3 Bows
 + Level 3.3 Crossbows
 + Level 3.3 Throwing
 + Level 5.7 Armour
 + Level 4.2 Dodging
 + Level 3.3 Stealth
 + Level 3.3 Shields
 + Level 3.3 Unarmed Combat
 + Level 3.3 Spellcasting
 + Level 2.6 Conjurations
 + Level 2.6 Hexes
 + Level 2.6 Summonings
 + Level 2.6 Necromancy
 + Level 2.6 Translocations
 + Level 2.6 Transmutations
 + Level 2.6 Fire Magic
 + Level 2.6 Ice Magic
 + Level 2.6 Air Magic
 + Level 2.6 Earth Magic
 + Level 2.6 Poison Magic
 + Level 5.9 Invocations
 + Level 3.3 Evocations


You had 13 spell levels left.
You didn't know any spells.
Your spell library contained the following spells:

 Spells                   Type           Power      Damage    Failure   Level
 Sandblast                Erth           14%        2d6       99%         1
 Passwall                 Tmut/Erth      5%         N/A       100%        2
 Stone Arrow              Conj/Erth      14%        3d7       100%        3


Dungeon Overview and Level Annotations

Branches:
Dungeon (6/15)
 Temple: D:4-7

Altars:
Dithmenos
Hepliaklqana
Makhleb
Ru
Trog
Zin

Shops:
D:2 ([   D:5 =?[


Innate Abilities, Weirdness & Mutations

You have very sharp teeth.
Your uncanny sense of smell can sniff out nearby items.
Your experience applies equally to all skills.


Message History

The orc warrior is lightly wounded.
Unknown command.
You hit the orc warrior.
The orc warrior is moderately wounded.
The orc warrior hits you but does no damage.
You hit the orc warrior.
The orc warrior is moderately wounded.
The orc warrior hits you with a +0 battleaxe!
Unknown command.
You completely miss the orc.
The orc is moderately wounded.
You closely miss the orc warrior. The orc hits you but does no damage.
The orc warrior hits you but does no damage.
Unknown command.
You hit the orc.
The orc is heavily wounded.
You hit the orc warrior but do no damage.
The orc hits you but does no damage.
The orc warrior hits you with a +0 battleaxe!
The orc hits you but does no damage.
Unknown command.
You hit the orc.
The orc is almost dead.
You hit the orc warrior but do no damage.
The orc warrior hits you with a +0 battleaxe!
The orc hits you but does no damage.
Unknown command.
You hit the orc.
You kill the orc!
Lugonu accepts your kill.
You hit the orc warrior but do no damage.
The orc warrior hits you with a +0 battleaxe!
* * * LOW HITPOINT WARNING * * *
Unknown command.
Press: ? - help, Shift-Dir - straight line, f - orc priest
Aim: an orc priest, wielding a +0 flail (chance to affect: 84%)
The orc priest is devoured by a tear in reality.
Lugonu claims a new guest.
The orc warrior hits you with a +0 battleaxe!
You die...

......## #####..# #
##.## ######## # #..#
......# ## ##.##
.....# .######..#
....# .'...###.# §.§
# .##### #.# #§##.#
.# #.#######@o..#
.### ##..##.......##
...# #......##..###
...# ###.##.....#
...######.##..#....#
...'................
...#######.#..#..#'##
........##....#.....
........##....#......


You could see an orc warrior.

Vanquished Creatures
  A water moccasin (D:5)
  An ice beast (D:5)
  A necrophage (D:6)
  An ogre (D:4)
  2 scorpions (D:5)
  A jelly (D:3)
  A hound (D:6)
  4 orc priests
  A centaur skeleton (D:5)
  A gnoll shaman (D:3)
  Jessica (D:3)
  4 orc wizards
  Natasha (thrice) (D:3)
  An iguana (D:5)
  7 gnolls
  8 adders
  A shadow imp (D:6)
  A white imp (D:6)
  2 ufetubi
  An adder skeleton (D:4)
  A worm (D:2)
  4 dart slugs
  13 orcs
  2 endoplasms
  4 goblins
  7 hobgoblins
  4 jackals (D:2)
  A quokka (D:4)
  11 ball pythons
  2 bats
  9 frilled lizards
  6 kobolds
  2 rats
109 creatures vanquished.

Vanquished Creatures (others)
  6 plants (D:3)
6 creatures vanquished.

Grand Total: 115 creatures vanquished

Notes
Turn   | Place    | Note
-------+----------+-------------------------------------------
     0 | Abyss:1  | Gargoyl the Gnoll Abyssal Knight began the quest for the
                  | Orb.
     0 | Abyss:1  | Reached XP level 1. HP: 23/23 MP: 3/3
    83 | Abyss:1  | Noticed a raiju
    83 | Abyss:1  | Noticed a raiju
    88 | Abyss:1  | Noticed a large abomination
    95 | Abyss:1  | Noticed a raiju
    96 | Abyss:1  | Noticed a large abomination
    98 | Abyss:1  | Noticed a flying skull
   100 | D:1      | Escaped the Abyss
   773 | D:1      | Reached XP level 2. HP: 28/29 MP: 5/5
   919 | D:2      | Found Qobosyif's Antique Armour Emporium.
   927 | D:2      | Found Licsake's Antique Weapon Shop.
  1036 | D:2      | Reached * piety under Lugonu
  1200 | D:2      | Reached XP level 3. HP: 29/35 MP: 6/6
  1437 | D:2      | Found a faded altar of an unknown god.
  1779 | D:3      | Reached skill level 1 in Short Blades
  1779 | D:3      | Reached skill level 1 in Long Blades
  1779 | D:3      | Reached skill level 1 in Maces & Flails
  1779 | D:3      | Reached skill level 1 in Polearms
  1779 | D:3      | Reached skill level 1 in Staves
  1779 | D:3      | Reached skill level 1 in Slings
  1779 | D:3      | Reached skill level 1 in Bows
  1779 | D:3      | Reached skill level 1 in Crossbows
  1779 | D:3      | Reached skill level 1 in Throwing
  1779 | D:3      | Reached skill level 1 in Stealth
  1779 | D:3      | Reached skill level 1 in Shields
  1779 | D:3      | Reached skill level 1 in Unarmed Combat
  1779 | D:3      | Reached skill level 1 in Spellcasting
  1779 | D:3      | Reached skill level 1 in Evocations
  1922 | D:3      | Reached XP level 4. HP: 40/41 MP: 7/7
  2075 | D:3      | Reached skill level 1 in Conjurations
  2075 | D:3      | Reached skill level 1 in Hexes
  2075 | D:3      | Reached skill level 1 in Summonings
  2075 | D:3      | Reached skill level 1 in Necromancy
  2075 | D:3      | Reached skill level 1 in Translocations
  2075 | D:3      | Reached skill level 1 in Transmutations
  2075 | D:3      | Reached skill level 1 in Fire Magic
  2075 | D:3      | Reached skill level 1 in Ice Magic
  2075 | D:3      | Reached skill level 1 in Air Magic
  2075 | D:3      | Reached skill level 1 in Earth Magic
  2075 | D:3      | Reached skill level 1 in Poison Magic
  2152 | D:3      | Found a burning altar of Makhleb.
  2159 | D:3      | Found a glowing silver altar of Zin.
  2159 | D:3      | Noticed an angel
  2159 | D:3      | Noticed a blizzard demon
  2284 | D:3      | Noticed Natasha
  2294 | D:3      | Killed Natasha
  2445 | D:3      | Reached XP level 5. HP: 44/47 MP: 8/8
  2496 | D:3      | Noticed Natasha
  2504 | D:3      | Killed Natasha
  2583 | D:3      | Noticed Natasha
  2591 | D:3      | Killed Natasha
  2691 | D:3      | Reached ** piety under Lugonu
  2691 | D:3      | Noticed Jessica
  2699 | D:3      | Killed Jessica
  2847 | D:2      | Bought a glowing hand axe for 126 gold pieces
  2971 | D:4      | Noticed an ogre
  2979 | D:4      | Killed an ogre
  2980 | D:4      | Reached skill level 5 in Invocations
  2980 | D:4      | Reached XP level 6. HP: 21/53 MP: 9/9
  3351 | D:4      | Reached skill level 5 in Axes
  3351 | D:4      | Reached skill level 5 in Armour
  3765 | D:4      | Found a shadowy altar of Dithmenos.
  3869 | D:4      | Reached XP level 7. HP: 35/59 MP: 10/10
  4328 | D:5      | Entered Level 5 of the Dungeon
  4352 | D:5      | Reached skill level 7 in Fighting
  4445 | D:5      | Found Setal's Magic Scroll Emporium.
  4468 | D:5      | Reached *** piety under Lugonu
  4524 | D:5      | Bought a scroll of teleportation for 36 gold pieces
  4535 | D:5      | Found Gufiphaa's Antique Armour Shop.
  4538 | D:5      | Found a bloodstained altar of Trog.
  4705 | D:5      | Found a sacrificial altar of Ru.
  4755 | D:5      | Reached XP level 8. HP: 61/67 MP: 12/12
  4807 | D:5      | Found Jupsan's Jewellery Emporium.
  5084 | D:5      | Found a hazy altar of Hepliaklqana.
  5750 | D:6      | Slain by an orc warrior

Illustrated notes

Levels and vault maps discovered:
D:1:      dpeg_arrival_three_same_balls, layout_basic
D:2:      layout_basic, shapermc_ecumenical_altar_venn, serial_shops, shop,
          nicolae_shop_hallway_stairs
D:3:      layout_basic, grunt_temple_overflow_order_and_chaos_2,
          minmay_lizard_king, uniq_jessica, uniq_natasha
D:4:      layout_loops_ring, kennysheep_mini_moat, st_stairs_2
D:5:      layout_rooms, amcnicky_altar_gilded, nicolae_overflow_hidden_temple,
          serial_shops, nicolae_shop_behind_doors,
          nicolae_shop_competitors_out_of_business, nicolae_shop_hallway_stairs
D:6:      layout_basic

Skill      XL: |  1  2  3  4  5  6  7  8 |
---------------+-------------------------+-----
Short Blades   | 1 2 3 |  3.3
Long Blades    | 1 2 3 |  3.3
Maces & Flails | 1 2 3 |  3.3
Polearms       | 1 2 3 |  3.3
Staves         | 1 2 3 |  3.3
Slings         | 1 2 3 |  3.3
Bows           | 1 2 3 |  3.3
Crossbows      | 1 2 3 |  3.3
Throwing       | 1 2 3 |  3.3
Stealth        | 1 2 3 |  3.3
Shields        | 1 2 3 |  3.3
Unarmed Combat | 1 2 3 |  3.3
Spellcasting   | 1 2 3 |  3.3
Evocations     | 1 2 3 |  3.3
Conjurations   | 1 2 |  2.6
Hexes          | 1 2 |  2.6
Summonings     | 1 2 |  2.6
Necromancy     | 1 2 |  2.6
Translocations | 1 2 |  2.6
Transmutations | 1 2 |  2.6
Fire Magic     | 1 2 |  2.6
Ice Magic      | 1 2 |  2.6
Air Magic      | 1 2 |  2.6
Earth Magic    | 1 2 |  2.6
Poison Magic   | 1 2 |  2.6
Dodging        | 3 4 |  4.2
Invocations    | 5 |  5.9
Axes           | 5 |  5.7
Armour         | 5 |  5.7
Fighting       | 7 |  7.4

Action                   |  1- 3 |  4- 6 |  7- 9 || total
-------------------------+-------+-------+-------++-------
Melee: Hand axe          |   118 |   154 |   268 ||   540
       Bite              |     9 |    16 |    33 ||    58
       Punch             |       |     1 |     2 ||     3
Throw: Dart              |       |     3 |     5 ||     8
Invok: Depart the Abyss  |     1 |       |       ||     1
       Banish            |       |       |     2 ||     2
  Use: Scroll            |     4 |     2 |     2 ||     8
       Potion            |       |       |     1 ||     1
 Stab: Invisible         |       |       |     2 ||     2
Armor: Leather armour    |    32 |       |       ||    32
       Ring mail         |    11 |    30 |       ||    41
       Plate armour      |       |    51 |   250 ||   301
Dodge: Dodged            |    67 |    89 |    58 ||   214

Table legend: (Time is in decaauts)
 A = Elapsed time spent in this place.
 B = Non-inter-level travel time spent in this place.
 C = Inter-level travel time spent in this place.
 D = Time resting spent in this place.
 E = Time spent auto-exploring this place.
 F = Levels seen in this place.
 G = Mean time per level.
                   A        B        C        D        E       F      G
               +--------+--------+--------+--------+--------+-----+--------+
         Total |   5794 |   5471 |    323 |    480 |   3662 |   7 |  827.7 |
       Dungeon |   5694 |   5371 |    323 |    480 |   3579 |   6 |  949.0 |
         Abyss |    100 |    100 |      0 |      0 |     83 |   1 |  100.0 |
               +--------+--------+--------+--------+--------+-----+--------+

Top non-repeatable levels by time:
     D:3: 1349 daAuts
     D:4: 1183 daAuts
     D:5: 1085 daAuts
     D:2: 963 daAuts
     D:1: 770 daAuts
     D:6: 342 daAuts
 Abyss:1: 100 daAuts
